 Dungeon Crawl Stone Soup version 0.29.0-11-gd7f09526c8 (webtiles) character file.

Game seed: 198178446531805545

12 Arcadio the Chiller (level 2, -3/22 HPs)
             Began as a Naga Ice Elementalist on Sept 2, 2022.
             Slain by a quokka (4 damage)
             ... on level 1 of the Dungeon.
             The game lasted 00:01:13 (803 turns).

Arcadio the Chiller (Naga Ice Elementalist)          Turns: 803, Time: 00:01:14

Health: -3/22      AC:  1    Str: 10    XL:     2   Next: 33%
Magic:  5/5        EV:  9    Int: 15    God:
Gold:   21         SH:  0    Dex: 11    Spells: 4/5 levels left

rFire   . . .      SeeInvis +   f - +0 long sword
rCold   . . .      Faith    .   (no shield)
rNeg    . . .      Spirit   .   a - +0 robe
rPois   +          Reflect  .   (no helmet)
rElec   .          Harm     .   (no cloak)
rCorr   .          Rampage  .   (no gloves)
Will    .....                   (no barding)
Stlth   ++........              (no amulet)
HPRegen 0.07/turn               (no ring)
MPRegen 0.09/turn               (no ring)

@: very slow
A: AC +0, large, see invisible, deformed body, poison resistance, slowness 2,
spit poison 1, naga tail 1
a: Spit Poison


You were on level 1 of the Dungeon.
You visited 1 branch of the dungeon, and saw 1 of its levels.

You collected 21 gold pieces.

Inventory:

Hand Weapons
 c - a +0 spear
 f - a +0 long sword (weapon)
Armour
 a - a +0 robe (worn)
 g - a +0 leather armour
 h - a +0 helmet
Scrolls
 d - 2 scrolls of identify {unknown}
Potions
 b - a potion of magic
 e - a potion of curing {unknown}


   Skills:
 - Level 1.5 Dodging
 + Level 3.5 Stealth
 + Level 2.2 Spellcasting
 + Level 4.2 Ice Magic


You had 4 spell levels left.
You knew the following spells:

 Your Spells              Type           Power      Damage    Failure   Level
a - Freeze                Ice            56%        1d7       3%          1

Your spell library contained the following spells:

 Spells                   Type           Power      Damage    Failure   Level
 Frozen Ramparts          Ice            28%        1d5       12%         3
 Ozocubu's Armour         Ice            14%        N/A       12%         3
 Hailstorm                Conj/Ice       7%         3d4       67%         4


Dungeon Overview and Level Annotations

Branches:
Dungeon (1/15) Zot: 5080

Altars:


Innate Abilities, Weirdness & Mutations

Your serpentine skin is tough. (AC +0)
You have supernaturally acute eyesight. (SInv)
Armour fits poorly on your strangely shaped body.
Your system is resistant to poisons. (rPois)
You cover ground very slowly.
You can spit poison.
You have a snake-like lower body.


Message History

You barely miss the jackal.
The jackal is heavily wounded.
The jackal bites you but does no damage.
The jackal closely misses you.
You slash the jackal!
You kill the jackal!
Your magical contamination has completely faded away.
You see here a jackal corpse.
You start resting.
A quokka is nearby!
A quokka is nearby!
A quokka is nearby!
You see here 6 stones.
Found 11 gold pieces.
Magic restored.
A quokka is nearby!
Found 2 stones.
You now have 21 gold pieces (gained 11).
A quokka is nearby!
A quokka is nearby!
The quokka barely misses you. The quokka closely misses you.
You hit the quokka.
The quokka is lightly wounded.
The quokka barely misses you.
You barely miss the quokka.
The quokka is lightly wounded.
The quokka misses you. The quokka barely misses you.
You closely miss the quokka.
The quokka is lightly wounded.
The quokka bites you. x2
You closely miss the quokka.
The quokka is lightly wounded.
The quokka twitches its whiskers.
The quokka bites you.
You barely miss the quokka. The quokka bites you.
* * * LOW HITPOINT WARNING * * *
The quokka bites you.
* * * LOW HITPOINT WARNING * * *
You barely miss the quokka. The quokka bites you.
You die...

#### .... ..# #... ..# #..#
#.# #####..###.######
....... .......##
.####..r###........ #
.......@........... # ...
.#................. # #.#
#.##..........(... # #.#
#.##..####..##..## # #.#
#.....####........ # #.#
#...........##.... #
#.####.....####..##....
######.##.......#...........
................#(##..#.....


You could see a quokka.

Vanquished Creatures
  2 dart slugs (D:1)
  A goblin (D:1)
  A hobgoblin (D:1)
  2 jackals (D:1)
  A ball python (D:1)
  A rat (D:1)
8 creatures vanquished.

Vanquished Creatures (others)
  A plant (D:1)
1 creature vanquished.

Grand Total: 9 creatures vanquished

Notes
Turn   | Place    | Note
-------+----------+-------------------------------------------
     0 | D:1      | Arcadio the Naga Ice Elementalist began the quest for the
                  | Orb.
     0 | D:1      | Reached XP level 1. HP: 15/15 MP: 3/3
   245 | D:1      | Reached XP level 2. HP: 4/22 MP: 0/5
   802 | D:1      | HP: 1/22 [quokka (4)]
   803 | D:1      | Slain by a quokka

Illustrated notes

Levels and vault maps discovered:
D:1:      denvon_arrival_planthouse, layout_basic

Action                   || total
-------------------------++-------
Melee: Spear             ||    12
       Long sword        ||    15
       Unarmed           ||     2
 Cast: Freeze            ||     7
Armor: Robe              ||     2
Dodge: Dodged            ||    25
